 Dungeon Crawl Stone Soup version 0.30-a0-174-gbc10bd73c2 (webtiles) character file.

Game seed: 12784520351387631925

11838 qw the Blocker (level 11, 0/67 HPs)
             Began as a Gargoyle Fighter on Oct 1, 2022.
             Was an Elder of Okawaru.
             Killed from afar by a will-o-the-wisp (24 damage)
             ... with a foxfire
             ... on level 3 of the Lair of Beasts.
             The game lasted 00:04:32 (10182 turns).

qw the Blocker (Gargoyle Fighter)                  Turns: 10182, Time: 00:04:32

Health: 0/67       AC: 25    Str: 24    XL:     11   Next: 84%
Magic:  23/25      EV: 12    Int:  5    God:    Okawaru [****..]
Gold:   485        SH: 19    Dex:  9    Spells: 10/10 levels left

rFire   . . .      SeeInvis .    Y - +4 war axe (freeze)
rCold   + + +      Faith    .    A - +0 tower shield
rNeg    + . .      Spirit   .    s - +0 chain mail
rPois   inf        Reflect  .    (helmet restricted)
rElec   +          Harm     .    m - +0 cloak
rCorr   .          Rampage  .    o - +1 pair of gloves
Will    .....                    j - +0 pair of boots
Stlth   ..........               p - amulet of regeneration
HPRegen 1.11/turn                i - +4 ring of evasion
MPRegen 0.19/turn                e - ring of Twilight {Fly rElec rC+++ MP+9 Int-4}

@: heroic, flying
A: sickness immunity, AC +8, negative energy resistance 1, electricity
resistance, torment resistance 1, petrification resistance, beak
a: Renounce Religion, Heroism, Finesse


You were on level 3 of the Lair of Beasts.
You worshipped Okawaru.
Okawaru was greatly pleased with you.
You visited 3 branches of the dungeon, and saw 12 of its levels.

You collected 485 gold pieces.


Innate Abilities, Weirdness & Mutations

You are immune to sickness and miasma.
Your stone body is resilient. (AC +8)
You are immune to poison.
You resist negative energy. (rN+)
You are resistant to electric shocks. (rElec)
You are resistant to unholy torment.
You are immune to petrification.
You have a beak for a mouth.


   Skills:
 - Level 7.0(12.0) Fighting
 - Level 10.0(15.0) Axes
 - Level 1.1(6.1) Throwing
 - Level 6.0(11.0) Armour
 - Level 1.0(6.0) Dodging
 + Level 12.9(17.9) Shields
 + Level 7.1 Invocations


You had 10 spell levels left.
You didn't know any spells.
Your spell library was empty.

Inventory:

Hand Weapons
 l - a +3 war axe of flaming
 Y - a +4 war axe of freezing (weapon)
Missiles
 F - 2 boomerangs (quivered)
Armour
 g - a +2 ring mail of cold resistance
 j - a +0 pair of boots (worn)
 m - a +0 cloak (worn)
 o - a +1 pair of gloves (worn)
 s - a +0 chain mail (worn)
 A - a +0 tower shield (worn)
Jewellery
 b - a ring of fire
 e - the ring of Twilight (right hand) {Fly rElec rC+++ MP+9 Int-4}
   (You took it off a kobold demonologist on level 7 of the Dungeon)

   [ring of magical power]

   Int:       It affects your intelligence (-4).
   rC:        It renders you almost immune to cold.
   rElec:     It insulates you from electricity.
   MP:        It affects your magic capacity (+9).
   Fly:       It grants you flight.
 i - a +4 ring of evasion (left hand)
 p - an amulet of regeneration (around neck)
 u - a +6 ring of strength
 x - the ring "Soemyomm" {rElec rPois rC+}
   (You found it on level 7 of the Dungeon)

   [ring of poison resistance]

   rC:        It protects you from cold.
   rElec:     It insulates you from electricity.
   rPois:     It protects you from poison.
 B - the ring "Uwoet" {rElec rCorr Int+6}
   (You found it on level 7 of the Dungeon)

   [ring of intelligence]

   Int:       It affects your intelligence (+6).
   rElec:     It insulates you from electricity.
   rCorr:     It protects you from acid and corrosion.
 C - the ring "Rioll" {rElec rN++ rCorr Int+3}
   (You took it off a kobold demonologist on level 7 of the Dungeon)

   [ring of resist corrosion]

   Int:       It affects your intelligence (+3).
   rElec:     It insulates you from electricity.
   rN:        It greatly protects you from negative energy.
   rCorr:     It protects you from acid and corrosion.
Scrolls
 w - 5 scrolls of identify
 y - 2 scrolls of teleportation
Potions
 a - 2 potions of lignification
 c - a potion of cancellation
 d - 4 potions of might
 f - a potion of attraction
 h - a potion of heal wounds
 k - a potion of resistance
 q - 2 potions of magic
 r - a potion of curing
 v - 2 potions of mutation
 z - a potion of haste

Dungeon Overview and Level Annotations

Branches:
Dungeon (8/15)             Temple (1/1) D:4            Lair (3/5) D:8
  Snake (0/4) Lair:2
  Swamp: Lair:2-3    Shoals: Lair:2-3

Altars:
Ashenzari
Cheibriados
Dithmenos
Elyvilon
Fedhas
Gozag
Hepliaklqana
Kikubaaqudgha
Makhleb
Okawaru
Ru
Sif Muna
Trog
Uskayaw
Vehumet
Wu Jian
Xom
Yredelemnul
Zin
The Shining One

Shops:
D:3 :[[

Annotations:
D:4 1 runed translucent door, Crazy Yiuf
Lair:1 3 runed translucent doors, qw's ghost, journeyman GrFi


Message History

10166 ||| FLEEEEING.
10168 ||| FLEEEEING.
There is a stone staircase leading down here.
10169 ||| FLEEEEING.
The will-o-the-wisp gestures.
The will-o-the-wisp conjures some foxfire! 2 foxfires come into view.
The sentinel's mark upon you fades away.
The foxfire hits you but does no damage.
The foxfire hits you!
10171 ||| FLEEEEING.
10172 ||| FLEEEEING.
10173 ||| FLEEEEING.
10174 ||| FLEEEEING.
10175 ||| FLEEEEING.
The will-o-the-wisp gestures.
The will-o-the-wisp conjures some foxfire! 2 foxfires come into view.
Throw: 3 boomerangs
Press: ? - help, Q - select action Shift-Dir - straight line, f - will-o-the-wisp You throw a boomerang.
The boomerang hits the will-o-the-wisp.
The will-o-the-wisp is lightly damaged.
The foxfire hits you!! x2
10177 ||| FLEEEEING.
The will-o-the-wisp gestures.
The will-o-the-wisp conjures some foxfire! 2 foxfires come into view.
10178 ||| DRINKING 2 potions of heal wounds.
You feel much better. The foxfire hits you. The foxfire hits you!
10179 ||| FLEEEEING.
10180 ||| FLEEEEING.
10181 ||| FLEEEEING.
The will-o-the-wisp gestures.
The will-o-the-wisp conjures some foxfire! 2 foxfires come into view.
10182 ||| INVOKING Heroism.
You gain the combat prowess of a mighty hero.
The foxfire hits you! The foxfire hits you!!
You die...

#............####........>......
#####.......## #.###............
#.##...### ###P...##P#......
#####.P# ###..#######....
##..### ###¤..## ##... #.#...#
#P¤.v¤# ##.. ##...#####¤.¤P# ###
##...#PPv.¤### ##.....@¤.#
#.......### #........#
##.......## #.......#.#
####....### ##.#.# #..####
####..#..##


You could see a will-o-the-wisp.

Vanquished Creatures
  An oklob plant (Lair:1)
  An ugly thing (D:7)
  2 manticores
  2 cane toads
  Maggie (Lair:2)
  A gargoyle (D:7)
  A rime drake (Lair:1)
  2 kobold demonologists (D:7)
  A komodo dragon (Lair:2)
  A troll (D:7)
  A hornet (D:7)
  Prince Ribbit (D:5)
  4 blink frogs (Lair:1)
  Grinder (D:5)
  16 yaks
  A wraith (D:7)
  Eustachio (D:5)
  A wyvern (D:8)
  A basilisk (Lair:1)
  A steam dragon (Lair:1)
  4 nagas (Lair:2)
  3 water moccasins
  2 ice beasts
  A sky beast (D:7)
  6 ogres
  2 centaurs (D:7)
  4 bullfrogs
  3 gnoll sergeants
  A necrophage (D:4)
  3 wights (D:8)
  2 electric eels (Lair:1)
  6 quasits (D:4)
  6 orc priests
  2 hounds (D:7)
  3 jellies
  3 iguanas
  Ijyb (D:4)
  Natasha (thrice) (D:2)
  6 orc wizards
  A mummy (D:7)
  Robin (D:2)
  15 gnolls
  9 adders
  7 shadow imps (D:4)
  5 white imps
  4 ufetubi (D:4)
  2 worms (D:2)
  2 dart slugs
  26 orcs
  7 bats
  6 endoplasms
  4 giant cockroaches
  8 hobgoblins
  A jackal (D:1)
  5 kobolds
  2 quokkas
  2 frilled lizards (D:2)
  12 goblins
  5 rats
226 creatures vanquished.

Vanquished Creatures (others)
  7 foxfires (Lair:3)
  2 fungi (Lair:2)
  5 plants
14 creatures vanquished.

Grand Total: 240 creatures vanquished

Notes
Turn   | Place    | Note
-------+----------+-------------------------------------------
     0 | D:1      | qw the Gargoyle Fighter began the quest for the Orb.
     0 | D:1      | Reached XP level 1. HP: 14/14 MP: 1/1
     0 | D:1      | 0 ||| qw: Version: 0.2-a-13-gfc7b4b4
     0 | D:1      | 0 ||| qw: Game counter: 1939
     0 | D:1      | 0 ||| qw: Always use a shield: true
     0 | D:1      | 0 ||| qw: God list: Okawaru
     0 | D:1      | 0 ||| qw: Allow faded altars: false
     0 | D:1      | 0 ||| qw: Do Orc after D:15 true
     0 | D:1      | 0 ||| qw: Do second Lair branch before Depths: true
     0 | D:1      | 0 ||| qw: Lair rune preference: random
     0 | D:1      | 0 ||| qw: Plans: Normal, Zot:1-4, God:TSO, Crypt, Tomb,
                  | Pan, Slime:5, Hells, Abyss, Orb
     0 | D:1      | 0 ||| PLANNING D:1-11
    95 | D:1      | 95 ||| Stepping ~*~*~tactically~*~*~ (stealth).
   118 | D:1      | Reached XP level 2. HP: 12/19 MP: 2/2
   229 | D:1      | Found a faded altar of an unknown god.
   685 | D:1      | 685 ||| UPGRADING to +2 scale mail of poison resistance.
   695 | D:1      | 695 ||| DROPPING +0 scale mail.
   696 | D:1      | 696 ||| UPGRADING to +2 ring mail of cold resistance.
   706 | D:1      | 706 ||| UPGRADING to +0 pair of boots.
   711 | D:1      | 711 ||| UPGRADING to +0 cloak.
   716 | D:1      | 716 ||| UPGRADING to +0 pair of gloves.
   721 | D:1      | 721 ||| UPGRADING to amulet of regeneration.
   726 | D:1      | 726 ||| READING scroll labelled NAMAGA NOKHI.
   727 | D:1      | 727 ||| READING scroll labelled GYIMURR VOCOV.
   728 | D:1      | 728 ||| READING scroll labelled NAAP EFOQYIFOS.
   834 | D:2      | Reached skill level 3 in Axes
   834 | D:2      | 834 ||| DROPPING +0 club.
   933 | D:2      | Noticed Natasha
   946 | D:2      | Killed Natasha
   947 | D:2      | Reached XP level 3. HP: 18/23 MP: 3/3
  1112 | D:2      | Reached XP level 4. HP: 28/28 MP: 4/4
  1132 | D:2      | Noticed Natasha
  1138 | D:2      | Killed Natasha
  1142 | D:2      | 1142 ||| FLEEEEING.
  1274 | D:2      | Found a shimmering blue altar of Sif Muna.
  1533 | D:2      | Noticed Robin
  1534 | D:2      | 1534 ||| Stepping ~*~*~tactically~*~*~ (hiding).
  1544 | D:2      | 1544 ||| Stepping ~*~*~tactically~*~*~ (stealth).
  1560 | D:2      | Killed Robin
  1561 | D:2      | Reached XP level 5. HP: 32/32 MP: 5/5
  1768 | D:2      | 1768 ||| Stepping ~*~*~tactically~*~*~ (stealth).
  1814 | D:2      | Noticed Natasha
  1815 | D:2      | 1815 ||| Stepping ~*~*~tactically~*~*~ (hiding).
  1817 | D:2      | 1817 ||| Stepping ~*~*~tactically~*~*~ (hiding).
  1823 | D:2      | Killed Natasha
  2045 | D:2      | 2045 ||| UPGRADING to +0 helmet.
  2050 | D:2      | 2050 ||| DRINKING 2 cyan potions.
  2051 | D:2      | 2051 ||| DROPPING potion of invisibility.
  2186 | D:3      | 2186 ||| Stepping ~*~*~tactically~*~*~ (stealth).
  2187 | D:3      | 2187 ||| Stepping ~*~*~tactically~*~*~ (stealth).
  2259 | D:3      | Found Zoicua's Antique Armour Boutique.
  2268 | D:3      | Reached skill level 1 in Dodging
  2284 | D:3      | 2284 ||| SHOPLISTING smoking ring mail (225 gold, have 95).
  2351 | D:3      | Found a hazy altar of Hepliaklqana.
  2390 | D:3      | Reached XP level 6. HP: 35/38 MP: 6/6
  2395 | D:3      | 2395 ||| DROPPING +0 mace.
  2398 | D:3      | 2398 ||| Stepping ~*~*~tactically~*~*~ (stealth).
  2399 | D:3      | 2399 ||| Stepping ~*~*~tactically~*~*~ (stealth).
  2423 | D:3      | Found Weream's Book Boutique.
  2448 | D:3      | Found Siacs's Armour Shop.
  2456 | D:3      | 2456 ||| SHOPLISTING +0 chain mail of fire resistance (138
                  | gold, have 122).
  2456 | D:3      | 2456 ||| SHOPLISTING +1 scale mail of fire resistance (192
                  | gold, have 122).
  2474 | D:3      | Found a hide-covered altar of Uskayaw.
  2476 | D:3      | Found a glowing golden altar of the Shining One.
  2478 | D:3      | Found a snail-covered altar of Cheibriados.
  2480 | D:3      | Found an opulent altar of Gozag.
  2480 | D:3      | Found a radiant altar of Vehumet.
  2684 | D:3      | 2684 ||| DROPPING +2 scale mail of poison resistance.
  2685 | D:3      | 2685 ||| UPGRADING to +0 chain mail.
  2695 | D:3      | 2695 ||| UPGRADING to ring of willpower.
  2696 | D:3      | 2696 ||| READING scroll labelled JELIEGONN LYLO.
  2701 | D:3      | 2701 ||| DRINKING 2 fuming cyan potions.
  2776 | D:4      | 2776 ||| Stepping ~*~*~tactically~*~*~ (stealth).
  2778 | D:4      | 2778 ||| Stepping ~*~*~tactically~*~*~ (hiding).
  2805 | D:4      | 2805 ||| Stepping ~*~*~tactically~*~*~ (hiding).
  2828 | D:4      | 2828 ||| Stepping ~*~*~tactically~*~*~ (hiding).
  2850 | D:4      | Reached skill level 6 in Axes
  2850 | D:4      | Reached XP level 7. HP: 32/44 MP: 7/7
  2928 | D:4      | 2928 ||| Stepping ~*~*~tactically~*~*~ (hiding).
  3128 | D:4      | 3128 ||| Stepping ~*~*~tactically~*~*~ (hiding).
  3197 | D:4      | 3197 ||| Stepping ~*~*~tactically~*~*~ (hiding).
  3198 | D:4      | 3198 ||| Stepping ~*~*~tactically~*~*~ (hiding).
  3325 | D:4      | Noticed Ijyb
  3340 | D:4      | Killed Ijyb
  3404 | D:4      | 3404 ||| Stepping ~*~*~tactically~*~*~ (hiding).
  3541 | D:4      | 3541 ||| Stepping ~*~*~tactically~*~*~ (hiding).
  3542 | D:4      | 3542 ||| Stepping ~*~*~tactically~*~*~ (hiding).
  3624 | D:4      | 3624 ||| Stepping ~*~*~tactically~*~*~ (hiding).
  3641 | D:4      | Found a staircase to the Ecumenical Temple.
  3642 | D:4      | 3642 ||| PLANNING TEMPLE
  3642 | D:4      | 3642 ||| UPGRADING to +0 tower shield.
  3652 | D:4      | 3652 ||| DROPPING +0 buckler.
  3653 | D:4      | 3653 ||| READING scroll labelled CUPNAN ASTROSUN.
  3754 | D:4      | 3754 ||| READING scroll labelled NAUMEH BOMIOT.
  3755 | D:4      | 3755 ||| READING scroll labelled LEROYSH UTOAWU.
  3756 | D:4      | 3756 ||| DRINKING 2 golden potions.
  3757 | D:4      | 3757 ||| READING 2 scrolls of identify.
  3757 | D:4      | 3757 ||| IDENTIFYING emerald potion
  3762 | Temple   | Entered the Ecumenical Temple
  3810 | Temple   | 3810 ||| PLANNING OKAWARU WORSHIP
  3873 | Temple   | Became a worshipper of Warmaster Okawaru
  3874 | Temple   | 3874 ||| PLANNING D:1-11
  4104 | D:4      | Found a runed translucent door.
  4105 | D:4      | Noticed Crazy Yiuf
  4156 | D:5      | Entered Level 5 of the Dungeon
  4156 | D:5      | Found a basalt altar of Yredelemnul.
  4172 | D:5      | 4172 ||| Stepping ~*~*~tactically~*~*~ (stealth).
  4189 | D:5      | Reached skill level 4 in Shields
  4189 | D:5      | Reached XP level 8. HP: 48/48 MP: 8/8
  4299 | D:5      | Noticed Eustachio
  4320 | D:5      | 4320 ||| FLEEEEING.
  4321 | D:5      | 4321 ||| STAIRDANCE
  4398 | D:4      | 4398 ||| DRINKING 2 sedimented pink potions.
  4399 | D:4      | 4399 ||| DRINKING 2 black potions.
  4400 | D:4      | 4400 ||| READING 2 scrolls of identify.
  4400 | D:4      | 4400 ||| IDENTIFYING murky dark potion
  4401 | D:4      | 4401 ||| DROPPING potion of ambrosia.
  4515 | D:5      | Reached skill level 5 in Shields
  4537 | D:5      | 4537 ||| Stepping ~*~*~tactically~*~*~ (hiding).
  4582 | D:5      | Found an ancient bone altar of Kikubaaqudgha.
  4583 | D:5      | 4583 ||| Stepping ~*~*~tactically~*~*~ (hiding).
  4637 | D:5      | 4637 ||| Stepping ~*~*~tactically~*~*~ (stealth).
  4641 | D:5      | 4641 ||| Stepping ~*~*~tactically~*~*~ (stealth).
  4798 | D:5      | Noticed Grinder
  4799 | D:5      | 4799 ||| Stepping ~*~*~tactically~*~*~ (hiding).
  4808 | D:5      | Killed Grinder
  4809 | D:5      | Reached skill level 6 in Shields
  4865 | D:5      | Noticed Prince Ribbit
  4910 | D:5      | Killed Prince Ribbit
  4910 | D:5      | Reached * piety under Okawaru
  4911 | D:5      | Reached skill level 7 in Shields
  4933 | D:5      | 4933 ||| INVOKING Heroism.
  4939 | D:5      | Reached skill level 8 in Shields
  4939 | D:5      | Reached skill level 1 in Invocations
  5157 | D:5      | 5157 ||| INVOKING Heroism.
  5169 | D:5      | 5169 ||| INVOKING Heroism.
  5170 | D:5      | 5170 ||| INVOKING Heroism.
  5187 | D:5      | 5187 ||| INVOKING Heroism.
  5197 | D:5      | Killed Eustachio
  5198 | D:5      | Reached XP level 9. HP: 52/52 MP: 6/9
  5340 | D:5      | 5340 ||| READING 3 scrolls labelled GUHIDADENU.
  5341 | D:5      | 5341 ||| DROPPING 2 scrolls of poison.
  5471 | D:6      | Found a shadowy altar of Dithmenos.
  5471 | D:6      | Found a broken altar of Ashenzari.
  5472 | D:6      | 5472 ||| INVOKING Heroism.
  5516 | D:6      | 5516 ||| Stepping ~*~*~tactically~*~*~ (stealth).
  5537 | D:6      | 5537 ||| INVOKING Heroism.
  5547 | D:6      | Reached skill level 9 in Shields
  5576 | D:6      | 5576 ||| Stepping ~*~*~tactically~*~*~ (hiding).
  5624 | D:6      | 5624 ||| INVOKING Heroism.
  5634 | D:6      | Reached skill level 3 in Invocations
  5880 | D:6      | 5880 ||| INVOKING Heroism.
  5941 | D:6      | 5941 ||| FLEEEEING.
  6141 | D:6      | 6141 ||| READING scroll labelled ERIYSM JOYHA.
  6142 | D:6      | 6142 ||| DRINKING 2 fizzy ruby potions.
  6143 | D:6      | 6143 ||| READING 2 scrolls of identify.
  6143 | D:6      | 6143 ||| IDENTIFYING glowing blue potion
  6144 | D:6      | 6144 ||| DROPPING potion of flight.
  6145 | D:6      | 6145 ||| DROPPING potion of brilliance.
  6160 | D:7      | 6160 ||| PLANNING OSSUARY
  6215 | D:7      | 6215 ||| Stepping ~*~*~tactically~*~*~ (hiding).
  6216 | D:7      | 6216 ||| Stepping ~*~*~tactically~*~*~ (hiding).
  6332 | D:7      | 6332 ||| INVOKING Heroism.
  6359 | D:7      | 6359 ||| INVOKING Heroism.
  6514 | D:7      | 6514 ||| Stepping ~*~*~tactically~*~*~ (hiding).
  6515 | D:7      | 6515 ||| Stepping ~*~*~tactically~*~*~ (hiding).
  6516 | D:7      | 6516 ||| Stepping ~*~*~tactically~*~*~ (hiding).
  6518 | D:7      | 6518 ||| INVOKING Heroism.
  6531 | D:7      | Reached skill level 10 in Shields
  6599 | D:7      | Noticed a hornet
  6600 | D:7      | 6600 ||| Stepping ~*~*~tactically~*~*~ (stealth).
  6627 | D:7      | 6627 ||| INVOKING Heroism.
  6635 | D:7      | Killed a hornet
  6695 | D:7      | 6695 ||| INVOKING Heroism.
  6726 | D:7      | 6726 ||| Stepping ~*~*~tactically~*~*~ (hiding).
  6732 | D:7      | 6732 ||| RIP OSSUARY
  6733 | D:7      | 6733 ||| PLANNING D:1-11
  6847 | D:7      | 6847 ||| INVOKING Heroism.
  6873 | D:7      | Noticed a troll
  6874 | D:7      | 6874 ||| Stepping ~*~*~tactically~*~*~ (hiding).
  6877 | D:7      | Noticed a gargoyle
  6878 | D:7      | 6878 ||| INVOKING Heroism.
  6878 | D:7      | Noticed a manticore
  6883 | D:7      | 6883 ||| Stepping ~*~*~tactically~*~*~ (hiding).
  6884 | D:7      | Identified the ring "Rioll" {rElec rN++ rCorr Int+3}
  6884 | D:7      | Noticed a kobold demonologist
  6885 | D:7      | Noticed a green ugly thing
  6890 | D:7      | Killed a gargoyle
  6890 | D:7      | Reached ** piety under Okawaru
  6891 | D:7      | Reached skill level 11 in Shields
  6891 | D:7      | Reached XP level 10. HP: 59/59 MP: 11/13
  6892 | D:7      | 6892 ||| INVOKING Heroism.
  6893 | D:7      | 6893 ||| Stepping ~*~*~tactically~*~*~ (stealth).
  6909 | D:7      | 6909 ||| INVOKING Heroism.
  6913 | D:7      | HP: 14/59 [manticore (6)]
  6914 | D:7      | 6914 ||| READING scroll of teleportation.
  7121 | D:7      | 7121 ||| INVOKING Heroism.
  7143 | D:7      | 7143 ||| INVOKING Heroism.
  7163 | D:7      | You fall into a shaft and drop 1 floor!
  7190 | D:8      | Found a bloodstained altar of Trog.
  7269 | D:8      | 7269 ||| DROPPING ring of flight.
  7270 | D:8      | 7270 ||| READING scroll labelled FYBRUL QUQAGG.
  7271 | D:8      | 7271 ||| READING scroll labelled RACWET LUAL.
  7272 | D:8      | 7272 ||| DRINKING 2 smoky silvery potions.
  7273 | D:8      | 7273 ||| DRINKING 2 murky puce potions.
  7274 | D:8      | 7274 ||| READING 2 scrolls of identify.
  7274 | D:8      | 7274 ||| IDENTIFYING red potion
  7275 | D:8      | 7275 ||| DROPPING potion of degeneration.
  7508 | D:7      | 7508 ||| Stepping ~*~*~tactically~*~*~ (stealth).
  7524 | D:7      | 7524 ||| Stepping ~*~*~tactically~*~*~ (stealth).
  7539 | D:7      | 7539 ||| Stepping ~*~*~tactically~*~*~ (hiding).
  7544 | D:7      | 7544 ||| INVOKING Heroism.
  7554 | D:7      | Killed a manticore
  7578 | D:7      | Identified the ring of Twilight {Fly rElec rC+++ MP+9
                  | Int-4}
  7578 | D:7      | Noticed a kobold demonologist
  7579 | D:7      | 7579 ||| Stepping ~*~*~tactically~*~*~ (stealth).
  7583 | D:7      | 7583 ||| Stepping ~*~*~tactically~*~*~ (stealth).
  7604 | D:7      | Killed a green ugly thing
  7605 | D:7      | Reached skill level 6 in Fighting
  7606 | D:7      | Noticed a rust devil
  7614 | D:7      | Killed a kobold demonologist
  7736 | D:7      | Killed a kobold demonologist
  7770 | D:7      | Identified the ring "Soemyomm" {rElec rPois rC+}
  7773 | D:7      | Identified the ring "Uwoet" {rElec rCorr Int+6}
  7796 | D:7      | 7796 ||| UPGRADING to ring of Twilight {Fly rElec rC+++
                  | MP+9 Int-4}.
  7847 | D:7      | 7847 ||| UPGRADING to ring "Rioll" {rElec rN++ rCorr
                  | Int+3}.
  7849 | D:7      | 7849 ||| DROPPING ring of ice.
  8051 | D:8      | Noticed a manticore
  8052 | D:8      | 8052 ||| INVOKING Heroism.
  8060 | D:8      | Killed a manticore
  8060 | D:8      | Reached *** piety under Okawaru
  8113 | D:8      | Reached skill level 9 in Axes
  8138 | D:8      | 8138 ||| READING scroll of enchant armour.
  8138 | D:8      | 8138 ||| ENCHANTING +0 pair of gloves.
  8174 | D:8      | 8174 ||| Stepping ~*~*~tactically~*~*~ (stealth).
  8183 | D:8      | 8183 ||| INVOKING Heroism.
  8199 | D:8      | 8199 ||| SWAPPING to +4 war axe of freezing.
  8200 | D:8      | 8200 ||| DROPPING +1 war axe.
  8220 | D:8      | 8220 ||| Stepping ~*~*~tactically~*~*~ (hiding).
  8263 | D:8      | 8263 ||| Stepping ~*~*~tactically~*~*~ (stealth).
  8291 | D:8      | 8291 ||| Stepping ~*~*~tactically~*~*~ (hiding).
  8295 | D:8      | 8295 ||| INVOKING Heroism.
  8299 | D:8      | 8299 ||| Stepping ~*~*~tactically~*~*~ (hiding).
  8318 | D:8      | Reached skill level 12 in Shields
  8321 | D:8      | Reached XP level 11. HP: 48/66 MP: 14/14
  8322 | D:8      | 8322 ||| INVOKING Heroism.
  8331 | D:8      | 8331 ||| Stepping ~*~*~tactically~*~*~ (hiding).
  8471 | D:8      | Reached skill level 6 in Armour
  8530 | D:8      | Found a staircase to the Lair.
  8598 | D:8      | 8598 ||| PLANNING LAIR
  8598 | D:8      | 8598 ||| UPGRADING to +6 ring of strength.
  8600 | D:8      | 8600 ||| READING scroll labelled JAEROV OSAUCHO.
  8601 | D:8      | 8601 ||| DRINKING 2 bubbling amethyst potions.
  8601 | D:8      | Gained mutation: You have a beak for a mouth. [potion of
                  | mutation]
  8602 | D:8      | 8602 ||| DROPPING +0 helmet.
  8648 | Lair:1   | Entered Level 1 of the Lair of Beasts
  8649 | Lair:1   | 8649 ||| INVOKING Heroism.
  8681 | Lair:1   | 8681 ||| Stepping ~*~*~tactically~*~*~ (stealth).
  8682 | Lair:1   | 8682 ||| INVOKING Heroism.
  8683 | Lair:1   | 8683 ||| Stepping ~*~*~tactically~*~*~ (stealth).
  8686 | Lair:1   | 8686 ||| Stepping ~*~*~tactically~*~*~ (stealth).
  8697 | Lair:1   | Reached **** piety under Okawaru
  8706 | Lair:1   | 8706 ||| Stepping ~*~*~tactically~*~*~ (stealth).
  8716 | Lair:1   | 8716 ||| INVOKING Heroism.
  8754 | Lair:1   | Noticed an oklob plant
  8755 | Lair:1   | 8755 ||| INVOKING Heroism.
  8762 | Lair:1   | Killed an oklob plant
  8794 | Lair:1   | Found a runed translucent gate.
  8794 | Lair:1   | Found a runed translucent gate.
  8795 | Lair:1   | Found a runed translucent gate.
  8795 | Lair:1   | Noticed a nine-headed hydra
  8796 | Lair:1   | Noticed an 11-headed hydra
  8799 | Lair:1   | Noticed qw's ghost (journeyman GrFi)
  8852 | Lair:1   | 8852 ||| Stepping ~*~*~tactically~*~*~ (hiding).
  8853 | Lair:1   | 8853 ||| INVOKING Heroism.
  8860 | Lair:1   | 8860 ||| Stepping ~*~*~tactically~*~*~ (cloud).
  8928 | Lair:1   | 8928 ||| Stepping ~*~*~tactically~*~*~ (hiding).
  9126 | Lair:1   | 9126 ||| INVOKING Heroism.
  9140 | Lair:1   | Received a gift from Okawaru
  9394 | Lair:1   | 9394 ||| UPGRADING to +4 ring of evasion.
  9396 | Lair:1   | 9396 ||| DROPPING ring of willpower.
  9397 | Lair:1   | 9397 ||| READING scroll labelled LARATR XENLAMI.
  9397 | Lair:1   | Identified a scroll of acquirement
  9397 | Lair:1   | 9397 ||| ACQUIRING +3 war axe of flaming
  9397 | Lair:1   | Acquired a +3 war axe of flaming
  9399 | Lair:1   | 9399 ||| DROPPING +0 morningstar.
  9400 | Lair:1   | 9400 ||| READING 2 scrolls labelled CIELOSTRIECO.
  9401 | Lair:1   | 9401 ||| READING scroll labelled ZUH MUOKITAENN.
  9402 | Lair:1   | 9402 ||| READING 3 scrolls of identify.
  9402 | Lair:1   | 9402 ||| IDENTIFYING lumpy sapphire potion
  9403 | Lair:1   | 9403 ||| DROPPING scroll of blinking.
  9409 | Lair:2   | 9409 ||| INVOKING Heroism.
  9410 | Lair:2   | 9410 ||| STAIRDANCE
  9427 | Lair:2   | Reached skill level 1 in Throwing
  9431 | Lair:2   | Reached skill level 6 in Invocations
  9446 | Lair:2   | Found a staircase to the Snake Pit.
  9451 | Lair:2   | 9451 ||| INVOKING Heroism.
  9451 | Lair:2   | Noticed Maggie
  9479 | Lair:2   | Killed Maggie
  9799 | Lair:2   | 9799 ||| INVOKING Heroism.
  9899 | Lair:2   | 9899 ||| INVOKING Heroism.
 10162 | Lair:3   | Noticed a will-o-the-wisp
 10163 | Lair:3   | 10163 ||| FLEEEEING.
 10164 | Lair:3   | 10164 ||| FLEEEEING.
 10165 | Lair:3   | 10165 ||| FLEEEEING.
 10166 | Lair:3   | 10166 ||| FLEEEEING.
 10168 | Lair:3   | 10168 ||| FLEEEEING.
 10169 | Lair:3   | 10169 ||| FLEEEEING.
 10171 | Lair:3   | 10171 ||| FLEEEEING.
 10172 | Lair:3   | 10172 ||| FLEEEEING.
 10173 | Lair:3   | 10173 ||| FLEEEEING.
 10174 | Lair:3   | 10174 ||| FLEEEEING.
 10175 | Lair:3   | 10175 ||| FLEEEEING.
 10176 | Lair:3   | HP: 12/67 [will-o-the-wisp/foxfire (21)]
 10177 | Lair:3   | 10177 ||| FLEEEEING.
 10178 | Lair:3   | 10178 ||| DRINKING 2 potions of heal wounds.
 10179 | Lair:3   | 10179 ||| FLEEEEING.
 10180 | Lair:3   | 10180 ||| FLEEEEING.
 10181 | Lair:3   | 10181 ||| FLEEEEING.
 10182 | Lair:3   | 10182 ||| INVOKING Heroism.
 10182 | Lair:3   | Killed from afar by a will-o-the-wisp

Levels and vault maps discovered:
D:1:      dpeg_arrival_stone_temple_mockup, layout_rooms, serial_aquarium,
          aquarium_bridge_square [aquarium_subvault_wall,
          aquarium_subvault_window, aquarium_subvault_bridge,
          aquarium_subvault_wall], aquarium_window_fake, aquarium_window_2,
          aquarium_window_corridor_3, aquarium_view_2g, aquarium_pool_1,
          shapermc_ecumenical_altar_starsandcircs, minmay_heptomino_o4
D:2:      layout_basic, basic_altar, uniq_natasha, uniq_robin
D:3:      layout_loops_ring, lemuel_coloured_pillars_altar, minitemple,
          serial_shops, nicolae_shop_stone, shop, shop
D:4:      layout_basic, minmay_temple_entry_proselytizer, serial_demonic,
          serial_demonic_a, serial_demonic_c, serial_demonic_a,
          serial_demonic_a, serial_demonic_c, serial_demonic_d,
          serial_demonic_f, serial_demonic_e, serial_demonic_e,
          serial_demonic_d, small_statue_intersection,
          chequers_serial_rivers_large_b, nicolae_kite_square_tiling_tiny,
          uniq_ijyb, uniq_crazy_yiuf_cottage
D:5:      layout_loops_corners, mainiacjoe_overflow_concentric_impassable,
          mainiacjoe_overflow_24_doors, nicolae_titane, uniq_prince_ribbit1,
          uniq_grinder, uniq_eustachio
D:6:      layout_basic, nicolae_overflow_two_pavilions
D:7:      minmay_the_grid_triangle_9x9_rhombus_full
          [minmay_the_grid_triangle_9x9_negative_grid,
          minmay_the_grid_triangle_9x9_thin_v,
          minmay_the_grid_triangle_9x9_limited_checkers,
          minmay_the_grid_triangle_9x9_swiss_cheese,
          minmay_the_grid_triangle_9x9_minimal,
          minmay_the_grid_triangle_9x9_flanged_cone,
          minmay_the_grid_triangle_9x9_intruding_spiral,
          minmay_the_grid_triangle_9x9_prize_special], layout_gridville,
          gup_ossuary_entry_pyramid
D:8:      layout_loops_ring, mainiacjoe_overflow_boulevard, lair_entry_dummy
Temple:   kb_temple_of_zot
Lair:1:   wander_river, layout_long_grid, gammafunk_ghost_hydra_chop,
          dpeg_stationary_puzzle
Lair:2:   layout_gridlike, guppyfry_snake_entry_garden, uniq_maggie
Lair:3:   layout_cave_pods, minmay_swamp_entry_wisps

Skill      XL: |  1  2  3  4  5  6  7  8  9 10 11 |
---------------+----------------------------------+-----
Axes           | 2 3 4 5 6 7 9 10 | 10.0
Dodging        | 1 |  1.0
Fighting       | 4 5 6 7 |  7.0
Armour         | 4 5 6 |  6.0
Shields        | 4 8 11 12 | 12.9
Invocations    | 1 4 7 |  7.1
Throwing       | 1 |  1.1

Action                   |  1- 3 |  4- 6 |  7- 9 | 10-12 || total
-------------------------+-------+-------+-------+-------++-------
Melee: War axe           |    89 |   178 |   386 |   334 ||   987
       Peck              |       |       |       |    24 ||    24
Throw: Boomerang         |       |       |    14 |     4 ||    18
Invok: Heroism           |       |       |    15 |    20 ||    35
  Use: Scroll            |     3 |     1 |     8 |    10 ||    22
       Potion            |       |     2 |     4 |     4 ||    10
 Stab: Distracted        |     1 |       |       |       ||     1
Armor: Scale mail        |    22 |       |       |       ||    22
       Ring mail         |    26 |    77 |       |       ||   103
       Chain mail        |       |   176 |   266 |   125 ||   567
Dodge: Dodged            |    38 |   130 |    95 |    64 ||   327
Block: Buckler           |    16 |    55 |    20 |       ||    91
       Tower shield      |       |       |   226 |   269 ||   495

Table legend:
 A = Non-vault XP
 B = Vault XP
 C = Vault XP percentage of total XP
 D = Non-vault monster count
 E = Vault monster count
 F = Vault count percentage of total count
                 A         B        C        D         E       F
            +---------+---------+-------+---------+---------+-------
      Total |   10871 |    6041 |  35.7 |     161 |      65 |  28.8
            +---------+---------+-------+---------+---------+-------
        D:1 |      18 |       7 |  28.0 |      11 |       4 |  26.7
        D:2 |     118 |      64 |  35.2 |      21 |       9 |  30.0
        D:3 |     124 |       0 |   0.0 |      20 |       0 |   0.0
        D:4 |     247 |     490 |  66.5 |      11 |      22 |  66.7
        D:5 |     584 |     730 |  55.6 |      13 |       3 |  18.8
        D:6 |     571 |       0 |   0.0 |      17 |       0 |   0.0
        D:7 |     555 |    3596 |  86.6 |      13 |      20 |  60.6
        D:8 |    2675 |       0 |   0.0 |      31 |       0 |   0.0
     Lair:1 |    4053 |     110 |   2.6 |      15 |       2 |  11.8
     Lair:2 |    1926 |    1044 |  35.2 |       9 |       5 |  35.7
            +---------+---------+-------+---------+---------+-------
